cohdb
Replays
Latest Replays
All Replays
Popular Replays
Top Player Replays
Match Explorer
How It Works
Community
CoH3 Stats
Reddit
Sign in to upload your games and track your stats! →
Sign in with Steam
Match 41893016
Unlisted
Match 41893016
Overview
Messages
Build Orders
End
Construct Barracks
Riflemen Squad
Riflemen Squad
Riflemen Squad
Construct Medical Station
Mechanized Support Center
M1918 Browning Automatic Rifles
Grenade Package
Construct Motor Pool
M16 Multiple Gun Motor Carriage
Engineer Squad
M1 Mortar Team
M24 Chaffee Light Tank
Designate Forward Repair Station
Riflemen Squad
Construct Weapon Support Center
Selects Armored Battlegroup
Selects Veteran Crews
Selects Strength in Steel
M1 Anti-tank Gun Team
Bazooka Squad
Construct Tank Depot
Bran
Dillbro
chendulin
Town center attack
0
0
Comments
sign in to comment!
No comments posted yet!